 Dungeon Crawl Stone Soup version 0.22.1-1-ga44c0e5 (webtiles) character file.

28053 Iscandelvey the Thaumaturge (level 12, 0/81 HPs)
             Began as a Demigod Wizard on Oct 10, 2018.
             Slain by an enchanted long sword (8 damage)
             ... on level 13 of the Dungeon.
             The game lasted 03:11:32 (24418 turns).

Iscandelvey the Thaumaturge (Demigod Wizard)       Turns: 24418, Time: 03:11:33

Health: 0/81       AC: 16    Str: 17    XL:     12   Next: 73%
Magic:  3/30       EV: 18    Int: 27    God:
Gold:   701        SH:  0    Dex: 20    Spells: 20/31 levels left

rFire    + . .     SeeInvis +   y - +1 scythe (slice)
rCold    . . .     Gourm    +   (shield currently unavailable)
rNeg     . . .     Faith    .   H - +8 ring mail of the Morning {Int+3 SInv}
rPois    .         Spirit   .   b - +0 helmet
rElec    .         Reflect  .   N - +0 cloak of Calculation {rF+ Str+5 Int-4}
rCorr    .         Harm     .   (no gloves)
MR       +....                  (no boots)
Stlth    +++.......             Q - amulet of the gourmand
HPRegen  0.23/turn              V - ring of stealth
MPRegen  0.22/turn              P - +6 ring of dexterity

@: no status effects
A: high mp 1
a: no special abilities


You were on level 13 of the Dungeon.
You were very full.

You visited 1 branch of the dungeon, and saw 14 of its levels.

You collected 701 gold pieces.

Inventory:

Hand Weapons
 a - a +3 great sword of holy wrath
 y - a +1 scythe of slicing (weapon)
 B - the +5 quarterstaff "Zicwinang" {venom, Str+4 Dex+3}
   (You found it on level 4 of the Dungeon)

   It poisons the flesh of those it strikes.
   It affects your strength (+4).
   It affects your dexterity (+3).
 C - a +1 longbow of flaming
 I - a +2 shortbow of freezing
 K - a +2 shortbow of freezing
Missiles
 w - 4 steel tomahawks (quivered)
 L - 315 arrows
 R - a throwing net
Armour
 b - a +0 helmet (worn)
 j - the +2 cloak of the Thief {+Fog Slay-2 SInv Stlth+}
   (You found it on level 4 of the Dungeon)

   It affects your accuracy and damage with ranged weapons and melee attacks
   (-2).
   It lets you see invisible.
   It makes you more stealthy.
 H - the +8 ring mail of the Morning (worn) {Int+3 SInv}
   (You found it on level 6 of the Dungeon)

   It affects your intelligence (+3).
   It lets you see invisible.
 N - the +0 cloak of Calculation (worn) {rF+ Str+5 Int-4}
   (You found it on level 6 of the Dungeon)

   It affects your strength (+5).
   It affects your intelligence (-4).
   It protects you from fire.
Magical Staves
 J - an uncursed staff of summoning
Jewellery
 P - a +6 ring of dexterity (right hand)
 Q - an amulet of the gourmand (around neck)
 S - an uncursed ring of stealth
 V - a ring of stealth (left hand)
Wands
 p - a wand of iceblast (9)
 F - a wand of acid (8)
 M - a wand of polymorph (27)
 U - a wand of flame (29)
Scrolls
 c - 10 scrolls of remove curse
 e - 15 scrolls of identify
 f - 5 scrolls of enchant weapon
 h - a scroll of summoning
 i - 3 scrolls of blinking {unknown}
 k - 2 scrolls of fear {unknown}
 m - a scroll of noise {unknown}
 n - 3 scrolls of immolation {unknown}
 o - 2 scrolls of amnesia {unknown}
 r - a scroll of acquirement {unknown}
 x - 4 scrolls of teleportation {unknown}
 A - a scroll of random uselessness {unknown}
 D - 3 scrolls of enchant armour {unknown}
 Y - a scroll of fog {unknown}
Potions
 l - 2 potions of lignification {unknown}
 q - 3 potions of might
 s - a potion of curing
 u - a potion of degeneration {unknown}
 v - 2 potions of agility
 z - a potion of magic
 E - 3 potions of flight
 G - a potion of brilliance
 O - a potion of mutation {unknown}
 X - a potion of ambrosia {unknown}
 Z - a potion of cancellation {unknown}
Comestibles
 d - 32 rations


   Skills:
 - Level 3.6(3.8) Polearms
 - Level 1.3(2.7) Staves
 - Level 6.7 Bows
 - Level 5.5 Armour
 * Level 10.1 Dodging
 - Level 4.5 Stealth
 - Level 10.2 Spellcasting
 - Level 7.8 Conjurations
 - Level 1.2 Summonings
 - Level 3.6 Translocations
 - Level 2.8 Fire Magic
 - Level 3.2 Air Magic
 - Level 2.6 Poison Magic
 - Level 0.2 Evocations


You had 20 spell levels left.
You knew the following spells:

 Your Spells              Type           Power        Failure   Level  Hunger
a - Magic Dart            Conj           ####         1%          1    None
b - Blink                 Tloc           N/A          2%          2    None
c - Call Imp              Summ           ###.....     7%          2    None
d - Conjure Flame         Conj/Fire      #####...     2%          3    None
e - Mephitic Cloud        Conj/Pois/Air  #####...     3%          3    None

Your spell library contained the following spells:

 Spells                   Type           Power        Failure   Level  Hunger
 Slow                     Hex            ##......     11%         2    None


Dungeon Overview and Level Annotations

Branches:
Dungeon (14/15)            Temple (0/1) D:5            Lair (0/6) D:8
    Orc (0/2) D:11         Vaults (0/5) D:14

Shops:
D:5 (

Annotations:
D:8 2 transporters
D:14 Louise


Innate Abilities, Weirdness & Mutations

You have an increased reservoir of magic. (+10% MP)


Message History

You blink.
Okay, then.
Evoke which item? (* to show all) (? for menu, Esc to quit)
Aiming: Polymorph
Press: ? - help, Shift-Dir - straight line, f/p - enchanted long sword
Aim: an enchanted long sword (moderately damaged, covered in acid, magic The enchanted long sword is unaffected.
The enchanted long sword hits you!
* * * LOW HITPOINT WARNING * * *
Evoke which item? (* to show all) (? for menu, Esc to quit)
Aiming: Corrosive Bolt
Press: ? - help, Shift-Dir - straight line, f/p - enchanted long sword
Aim: an enchanted long sword (moderately damaged, covered in acid)
The bolt of acid misses the enchanted long sword.
The enchanted long sword is no longer covered in acid.
The enchanted long sword hits you!
* * * LOW HITPOINT WARNING * * *
You feel better. The enchanted long sword hits you!
* * * LOW HITPOINT WARNING * * *
The enchanted long sword hits you!
You die...

##.# #......###.#
##.# #.#####.#.##
##.###.######.##
...#......# #.#
#.##.#.##.###>####
.......##........#
#.##.####.......)#
.###............(#
##.....###......@#
##.....# #.......#
.......# #.......#
.#.....# #.......#
.#....># #....####
.##.#### #.####
###.# #.# ###.#
#.# ....######.#


You could see an enchanted long sword.

Vanquished Creatures
  3 centaur warriors (D:14)
  4 two-headed ogres
  A death knight (D:12)
  A tengu warrior (D:13)
  An orc knight (D:12)
  9 ugly things
  A cyclops (D:12)
  A manticore (D:13)
  5 centaur skeletons
  A komodo dragon (D:14)
  2 trolls (D:11)
  A hornet (D:13)
  Prince Ribbit (D:6)
  4 slime creatures (D:12)
  Sigmund (D:3)
  23 yaks
  3 vampire mosquitoes (D:14)
  A wyvern (D:12)
  A basilisk (D:13)
  Grum (D:8)
  3 hungry ghosts
  A water moccasin (D:4)
  3 acid dragons
  Duvessa (D:6)
  A porcupine (D:8)
  9 orc warriors
  6 sky beasts
  A black bear (D:8)
  3 ice beasts
  4 ogres
  A phantom (D:9)
  15 centaurs
  3 wolves
  A crocodile (D:11)
  12 bullfrogs
  2 big kobolds
  A wyvern zombie (D:11)
  A bullfrog (shapeshifter) (D:13)
  5 scorpions
  Dowan (D:6)
  18 killer bees
  21 wights
  3 crimson imps (D:6)
  A bullfrog zombie (D:13)
  3 howler monkeys
  13 orc priests
  7 hounds
  5 jellies
  5 bullfrog skeletons
  9 iguanas
  9 orc wizards
  6 worker ants
  2 hound zombies
  A hound skeleton (D:11)
  4 worker ant zombies
  A howler monkey zombie (D:9)
  12 adders
  4 gnolls
  2 howler monkey skeletons
  2 shadow imps
  An adder zombie (D:9)
  2 adder skeletons
  3 worms
  2 dart slugs
  A leopard gecko (D:1)
  48 orcs
  10 bats
  5 giant cockroaches
  12 goblins
  14 hobgoblins
  2 jackals
  17 kobolds
  6 quokkas
  6 frilled lizards
  A leopard gecko skeleton (D:8)
  A leopard gecko zombie (D:6)
  A quokka skeleton (D:4)
  5 rats
404 creatures vanquished.

Vanquished Creatures (collateral kills)
  Nessos (D:14)
  A crimson imp (D:4)
  Terence (D:1)
  A jackal (D:2)
  A rat (D:2)
5 creatures vanquished.

Vanquished Creatures (others)
  9 fungi (D:8)
  4 plants (D:8)
13 creatures vanquished.

Grand Total: 422 creatures vanquished

Notes
Turn   | Place    | Note
-------+----------+-------------------------------------------
     0 | D:1      | Iscandelvey the Demigod Wizard began the quest for the Orb.
     0 | D:1      | Reached XP level 1. HP: 14/14 MP: 6/6
   413 | D:1      | Reached skill level 1 in Conjurations
   629 | D:1      | Reached XP level 2. HP: 20/20 MP: 8/8
  1099 | D:1      | Learned a level 2 spell: Blink
  1102 | D:1      | Learned a level 2 spell: Call Imp
  1384 | D:2      | Noticed Terence
  1548 | D:2      | Reached XP level 3. HP: 22/26 MP: 5/10
  1655 | D:2      | Reached skill level 1 in Translocations
  2153 | D:2      | Found a deep blue altar of Sif Muna.
  2157 | D:2      | Found a basalt altar of Yredelemnul.
  2646 | D:2      | Found a faded altar of an unknown god.
  3145 | D:2      | Reached XP level 4. HP: 33/33 MP: 12/12
  3222 | D:1      | Killed Terence
  3395 | D:1      | Learned a level 3 spell: Conjure Flame
  3485 | D:3      | You fall through a shaft!
  3712 | D:3      | Found a shattered altar of Ashenzari.
  3884 | D:3      | Learned a level 3 spell: Mephitic Cloud
  4073 | D:3      | Reached skill level 1 in Summonings
  4183 | D:3      | Noticed Sigmund
  4194 | D:3      | Killed Sigmund
  4194 | D:3      | Reached XP level 5. HP: 30/38 MP: 2/15
  4698 | D:4      | Got a shimmering quarterstaff
  4880 | D:4      | Reached XP level 6. HP: 31/45 MP: 16/16
  5122 | D:4      | Reached skill level 1 in Polearms
  5271 | D:4      | Found the +2 cloak of the Thief {+Fog Slay-2 SInv Stlth+}
  5751 | D:4      | Reached skill level 5 in Spellcasting
  6035 | D:4      | Noticed a water moccasin
  6049 | D:4      | HP: 2/45 [poisoned by a water moccasin]
  6053 | D:4      | Killed a water moccasin
  6306 | D:5      | Entered Level 5 of the Dungeon
  7064 | D:5      | Reached XP level 7. HP: 24/50 MP: 13/18
  8243 | D:5      | Found an iron altar of Okawaru.
  8611 | D:5      | Reached skill level 1 in Bows
  8617 | D:5      | Reached XP level 8. HP: 36/57 MP: 6/20
  8746 | D:5      | Found a staircase to the Ecumenical Temple.
  8920 | D:5      | Found Fuyradwoe's Antique Weapon Emporium.
  9005 | D:5      | Found a sparkling altar of Nemelex Xobeh.
  9013 | D:5      | Found a radiant altar of Vehumet.
  9137 | D:6      | Reached skill level 1 in Air Magic
  9144 | D:6      | Noticed Dowan
  9155 | D:6      | Noticed Prince Ribbit
  9163 | D:6      | Killed Dowan
  9163 | D:6      | Reached skill level 1 in Poison Magic
  9179 | D:6      | Killed Prince Ribbit
  9187 | D:6      | Noticed Duvessa
  9429 | D:6      | Got an encrusted ring mail
  9440 | D:6      | Identified the +8 ring mail of the Morning {Int+3 SInv}
                  | (You found it on level 6 of the Dungeon)
  9565 | D:6      | Killed Duvessa
  9981 | D:6      | Got a twisted cloak
  9987 | D:6      | Identified the +0 cloak of Calculation {rF+ Str+5 Int-4}
                  | (You found it on level 6 of the Dungeon)
 10272 | D:6      | Reached skill level 5 in Bows
 10634 | D:5      | Identified the +5 quarterstaff "Zicwinang" {venom, Str+4
                  | Dex+3} (You found it on level 4 of the Dungeon)
 10784 | D:7      | Reached XP level 9. HP: 62/62 MP: 13/22
 11241 | D:7      | Reached skill level 5 in Conjurations
 11255 | D:7      | Reached skill level 1 in Armour
 11340 | D:7      | Found a shimmering altar of Xom.
 11824 | D:7      | Reached skill level 1 in Staves
 12311 | D:8      | Found an ornate altar of the Wu Jian Council.
 12311 | D:8      | Noticed a cyclops
 12325 | D:8      | Found a transporter.
 12338 | D:8      | Found a transporter.
 12563 | D:8      | Noticed Grum
 12836 | D:8      | Killed Grum
 12849 | D:8      | Noticed a two-headed ogre
 12861 | D:8      | Killed a two-headed ogre
 12861 | D:8      | Reached XP level 10. HP: 69/69 MP: 19/25
 13292 | D:8      | Found a staircase to the Lair.
 13597 | D:8      | Reached skill level 1 in Fire Magic
 14271 | D:9      | Noticed a green ugly thing
 14286 | D:9      | Killed a green ugly thing
 15161 | D:10     | Entered Level 10 of the Dungeon
 15187 | D:10     | Noticed a two-headed ogre
 15211 | D:10     | Killed a two-headed ogre
 15211 | D:10     | Reached XP level 11. HP: 74/74 MP: 15/28
 17411 | D:11     | Found a staircase to the Orcish Mines.
 18189 | D:12     | Reached skill level 5 in Armour
 18538 | D:12     | Reached skill level 10 in Spellcasting
 18590 | D:12     | Noticed a death knight
 18738 | D:12     | Noticed an orc knight
 18807 | D:12     | Killed an orc knight
 20458 | D:12     | Reached skill level 5 in Dodging
 20743 | D:12     | Killed a death knight
 21046 | D:13     | Noticed a two-headed ogre
 21079 | D:12     | Killed a two-headed ogre
 21445 | D:13     | Noticed a tengu warrior
 21481 | D:13     | Reached XP level 12. HP: 60/81 MP: 21/30
 23366 | D:14     | Noticed Nessos
 23390 | D:14     | Killed Nessos
 23430 | D:14     | Noticed a centaur warrior
 23465 | D:14     | Killed a centaur warrior
 23731 | D:14     | Noticed a centaur warrior
 23740 | D:14     | Killed a centaur warrior
 23944 | D:14     | Noticed a centaur warrior
 23960 | D:14     | Killed a centaur warrior
 23960 | D:14     | Reached skill level 10 in Dodging
 24017 | D:14     | Found a gate to the Vaults.
 24018 | D:14     | Noticed Louise
 24040 | D:14     | HP: 4/81 [enchanted long sword (8)]
 24054 | D:14     | Noticed a death knight
 24418 | D:13     | Slain by an enchanted long sword

Skill      XL: |  1  2  3  4  5  6  7  8  9 10 11 12 |
---------------+-------------------------------------+-----
Conjurations   | 1 2 3 4 6 7 |  7.8
Spellcasting   | 3 4 5 6 7 9 10 | 10.2
Dodging        | 2 3 4 6 10 | 10.1
Stealth        | 2 3 4 |  4.5
Translocations | 1 2 3 |  3.6
Summonings     | 1 |  1.2
Polearms       | 2 3 |  3.6
Bows           | 1 5 6 |  6.7
Air Magic      | 1 2 3 |  3.2
Poison Magic   | 1 2 |  2.6
Armour         | 3 4 5 |  5.5
Staves         | 1 |  1.3
Fire Magic     | 2 |  2.8
Evocations     | |  0.2

Action                   |  1- 3 |  4- 6 |  7- 9 | 10-12 || total
-------------------------+-------+-------+-------+-------++-------
Melee: Whip              |   101 |       |       |       ||   101
       Scythe            |       |   105 |    60 |   288 ||   453
       Quarterstaff      |       |       |    45 |   247 ||   292
 Fire: Hunting sling     |     2 |    61 |       |       ||    63
       Shortbow          |       |       |   383 |   396 ||   779
       Longbow           |       |       |       |    96 ||    96
Throw: Tomahawk          |     5 |     1 |     2 |    13 ||    21
       Stone             |       |       |       |     3 ||     3
 Cast: Magic Dart        |    89 |     3 |    10 |     1 ||   103
       Blink             |     9 |    13 |    15 |    65 ||   102
       Call Imp          |     1 |     6 |       |    30 ||    37
       Conjure Flame     |       |    10 |    28 |    82 ||   120
       Mephitic Cloud    |       |     7 |    40 |    65 ||   112
Evoke: Wand              |       |       |       |    13 ||    13
  Use: Scroll            |       |     1 |     5 |       ||     6
       Potion            |       |     3 |       |     7 ||    10
 Stab: Sleeping          |     6 |     4 |     1 |     3 ||    14
       Confused          |       |       |     1 |    15 ||    16
       Distracted        |       |       |       |     1 ||     1
  Eat: Chunk             |     6 |    13 |    24 |    39 ||    82
       Ration            |       |       |     1 |       ||     1
Armor: Robe              |    29 |    11 |     9 |       ||    49
       Ice dragon scales |       |    14 |       |       ||    14
       Ring mail         |       |       |    72 |   239 ||   311
Dodge: Dodged            |   103 |    97 |   151 |   367 ||   718
